 Dungeon Crawl Stone Soup version 0.22-a0-587-g7d32d7c (webtiles) character file.

327 royokou the Cleaver (level 6, 0/51 HPs)
             Began as a Hill Orc Fighter on July 4, 2018.
             Was a Follower of Beogh.
             Slain by a worker ant (7 damage)
             ... on level 4 of the Dungeon.
             The game lasted 00:07:47 (2708 turns).

royokou the Cleaver (Hill Orc Fighter)              Turns: 2708, Time: 00:07:48

Health: 0/51       AC: 10    Str: 19    XL:     6   Next: 50%
Magic:  6/6        EV:  5    Int:  8    God:    Beogh [*.....]
Gold:   119        SH:  9    Dex: 12    Spells: 5/5 levels left

rFire    . . .     SeeInvis .   a - +0 war axe
rCold    . . .     Gourm    .   c - +0 shield
rNeg     . . .     Faith    .   h - +0 chain mail
rPois    .         Spirit   .   q - +0 helmet
rElec    .         Reflect  .   (no cloak)
rCorr    .         Harm     +   (no gloves)
MR       .....                  (no boots)
Stlth    ..........             k - amulet of harm
HPRegen  0.17/turn              (no ring)
MPRegen  0.10/turn              (no ring)

@: no status effects
A: no striking features
a: Renounce Religion


You were on level 4 of the Dungeon.
You worshipped Beogh.
Beogh was aware of your devotion.
You were not hungry.

You visited 1 branch of the dungeon, and saw 4 of its levels.

You collected 119 gold pieces.

Inventory:

Hand Weapons
 a - a +0 war axe (weapon)
Missiles
 b - 12 poisoned needles
Armour
 c - a +0 shield (worn)
 h - a +0 chain mail (worn)
 q - a +0 helmet (worn)
 s - a +0 scale mail of poison resistance
Jewellery
 k - an amulet of harm (around neck)
Scrolls
 e - 2 scrolls of teleportation
 g - a scroll of blinking
 o - a scroll of random uselessness
Potions
 d - 2 potions of might
 i - 2 potions of curing {unknown}
 j - 2 potions of heal wounds {unknown}
 m - a potion of berserk rage {unknown}
 n - a potion of brilliance {unknown}
 r - a potion of invisibility {unknown}
Comestibles
 f - 4 rations


   Skills:
 - Level 3.6 Fighting
 + Level 8.8 Axes
 - Level 3.2 Armour
 - Level 3.2 Shields


You had 5 spell levels left.
You didn't know any spells.
Your spell library was empty.

Dungeon Overview and Level Annotations

Branches:
Dungeon (4/15)
 Temple: D:4-7

Altars:
Kikubaaqudgha
Trog
Uskayaw
Xom

Annotations:
D:3 1 runed door


Message History

A worker ant comes into view.
The phantom blinks!
The phantom hits you.
Your chain mail prevents you from hitting the phantom.
The phantom is lightly damaged.
The worker ant twitches its antennae in your direction.
The phantom blinks!
You slash the phantom!
The phantom is heavily damaged.
You block the phantom's attack.
Your chain mail prevents you from hitting the phantom.
The phantom is heavily damaged.
The phantom hits you.
The phantom blinks!
The worker ant bites you but does no damage.
The worker ant bites you.
* * * LOW HITPOINT WARNING * * *
You hit the worker ant but do no damage.
The phantom blinks!
The worker ant bites you.
* * * LOW HITPOINT WARNING * * *
You closely miss the worker ant. The worker ant bites you.
You die...

,*,*** *******#..#**** *,* * ,,,*
#..* ****,**** ,***
#..*******,,,,,,,, ,*
#..,,,,,,,,,,,,,,, **
#ยง#*****,****,**** * #.# *,*
*,**** * #.#####*,* *,,,,, *
#a#...,*,********* *
#@#.#*>*,,,,,,,,,, *
#...#*,****,****** **************
###.#*,* *,* ,,,,,,,,,,,,,*
#W#*,****,******
************,****#)#*,,,,,,,,,,,,
** #.(....)W......,,**,** ,*
##.#....####.##,,**,* ,* *#.###.#
*,**,,**,** <************#,,,..#
*,**,,,,,,,


You could see a phantom and a worker ant.

Vanquished Creatures
  A scorpion (D:4)
  A howler monkey (D:4)
  2 orc wizards (D:3)
  A worker ant (D:4)
  3 adders (D:3)
  3 oozes
  3 worms
  2 dart slugs (D:1)
  3 leopard geckos
  6 orcs
  3 ball pythons
  6 giant cockroaches
  8 goblins
  10 hobgoblins
  21 jackals
  2 quokkas (D:3)
  8 bats
  7 frilled lizards
  5 kobolds
  8 rats
103 creatures vanquished.

Vanquished Creatures (others)
  An orc (D:3)
  A hobgoblin (D:3)
  A rat (D:3)
3 creatures vanquished.

Grand Total: 106 creatures vanquished

Notes
Turn   | Place    | Note
-------+----------+-------------------------------------------
     0 | D:1      | royokou the Hill Orc Fighter began the quest for the Orb.
     0 | D:1      | Reached XP level 1. HP: 19/19 MP: 1/1
    30 | D:1      | Reached skill level 3 in Axes
    35 | D:1      | Reached XP level 2. HP: 21/26 MP: 2/2
    48 | D:1      | Reached skill level 4 in Axes
   277 | D:1      | Reached XP level 3. HP: 29/31 MP: 3/3
   372 | D:1      | Reached skill level 5 in Axes
   736 | D:2      | Reached XP level 4. HP: 36/39 MP: 4/4
   878 | D:2      | Found a shimmering altar of Xom.
  1087 | D:2      | Found a bloodstained altar of Trog.
  1371 | D:2      | Reached skill level 6 in Axes
  1376 | D:2      | Found an ancient bone altar of Kikubaaqudgha.
  1888 | D:3      | Became a worshipper of Beogh the Brigand
  1910 | D:3      | Reached XP level 5. HP: 36/45 MP: 5/5
  1946 | D:3      | Reached skill level 7 in Axes
  2127 | D:3      | Found a runed door.
  2356 | D:3      | Found a hide-covered altar of Uskayaw.
  2381 | D:3      | Reached * piety under Beogh
  2674 | D:4      | Reached skill level 8 in Axes
  2674 | D:4      | Reached XP level 6. HP: 31/51 MP: 6/6
  2699 | D:4      | Noticed a phantom
  2701 | D:4      | Noticed a phantom
  2708 | D:4      | Slain by a worker ant

Vault maps used:
D:1:      dpeg_arrival_leaves_temple_mockup
D:2:      lightli_temple_of_fire, xom_teletrap_fun,
          lemuel_coloured_pillars_altar
D:3:      lemuel_tele_altar, uniq_crazy_yiuf_cottage
D:4:      first_ration

Skill      XL: |  1  2  3  4  5 |
---------------+----------------+-----
Axes           | 3 4 5 6 8 |  8.8
Fighting       | |  3.6
Armour         | |  3.2
Shields        | |  3.2

Action                   |  1- 3 |  4- 6 || total
-------------------------+-------+-------++-------
Melee: War axe           |   100 |   216 ||   316
Invok: Convert to Beogh  |       |     1 ||     1
  Use: Scroll            |       |     5 ||     5
  Eat: Chunk             |       |     6 ||     6
Armor: Scale mail        |    53 |       ||    53
       Chain mail        |    12 |    93 ||   105
Dodge: Dodged            |    33 |    33 ||    66
Block: Shield            |    64 |    94 ||   158

Table legend:
 A = Spawn XP
 B = Non-spawn XP
 C = Spawn XP percentage of total XP
 D = Spawn monster count
 E = Non-spawn monster count
 F = Spawn count percentage of total count
 G = Total turns spent on level
                    A         B        C        D         E        F      G
               +---------+---------+-------+---------+---------+-------+---------
         Total |       0 |     468 |   0.0 |       0 |     103 |   0.0 |  2708
               +---------+---------+-------+---------+---------+-------+---------
           D:1 |       0 |      68 |   0.0 |       0 |      35 |   0.0 |   674
           D:2 |       0 |      48 |   0.0 |       0 |      22 |   0.0 |  1071
           D:3 |       0 |     177 |   0.0 |       0 |      34 |   0.0 |   907
           D:4 |       0 |     175 |   0.0 |       0 |      12 |   0.0 |    56
               +---------+---------+-------+---------+---------+-------+---------
